Map: Amygdala

Players

iPlayDefense - Winner!

  • Race: Terran Terran
  • League: Silver
  • Spawn Location: 7:00

ALEX

  • Race: Terran Terran
  • League: Silver
  • Spawn Location: 1:00

VOD

Have the link to the VOD?

Description

Time

  • Played on: April 18, 2025, 8:51 p.m.
  • Length: 11:44
Show
View Real Time Build Order
Export as new Build Order

iPlayDefense Terran - Winner!

Build Orders:  

Get SALT Encoding   

  12  0:00  SCV  
  13  0:20  Supply Depot  
  13  0:22  SCV  
  14  0:32  Refinery  
  14  0:34  SCV  
  15  0:46  SCV  
  16  0:55  Barracks  
  16  0:58  SCV  
  17  1:11  SCV  
  18  1:23  SCV  
  19  1:47  Barracks Reactor  
  19  1:48  Orbital Command, Barracks  
  19  1:50  Barracks  
  19  2:06  Factory  
  19  2:14  Supply Depot x2  
  19  2:23  SCV  
  20  2:33  Marine x2  
  20  2:35  SCV  
  23  2:40  Barracks Tech Lab x2  
  23  2:45  Refinery  
  23  2:47  SCV  
  23  2:50  Factory Tech Lab  
  24  3:02  Combat Shield  
  24  3:23  SCV  
  25  3:29  Stimpack  
  25  3:42  Command Center  
  25  3:50  Siege Tank  
  25  3:52  Marine x3  
  25  3:53  Marine  
  32  4:00  Supply Depot x2  
  32  4:08  SCV  
  33  4:10  Marine  
  34  4:20  SCV  
  35  4:32  SCV  
  36  4:44  SCV  
  37  4:48  Marine  
  37  4:49  Marine x3  
  41  4:56  SCV  
  41  4:58  Orbital Command  
  42  5:06  Marine  
  42  5:07  Supply Depot, Marine x3  
  46  5:24  Marine x2  
  46  5:25  Marine x2  
  50  5:29  Supply Depot  
  50  5:31  Siege Tank  
  53  5:38  Supply Depot  
  53  5:39  Supply Depot  
  53  5:42  Marine x2  
  54  5:43  SCV x2  
  57  5:52  Supply Depot  
  57  5:55  SCV  
  58  6:05  Starport  
  58  6:09  Barracks x2  
  58  6:12  Supply Depot  
  58  6:13  Supply Depot  
  58  6:15  Supply Depot  
  58  6:25  Refinery x2  
  58  6:36  Engineering Bay  
  58  6:37  Supply Depot  
  58  6:40  SCV  
  58  6:41  SCV  
  60  6:48  Siege Tank  
  60  6:52  SCV  
  60  6:53  SCV  
  65  6:58  Barracks Reactor x2  
  65  7:04  SCV  
  65  7:05  SCV  
  61  7:16  SCV  
  61  7:17  SCV  
  63  7:28  SCV  
  63  7:29  SCV  
  65  7:44  Marine  
  65  7:45  Marine x7  
  65  7:46  Supply Depot  
  73  8:01  SCV x2  
  73  8:02  Marine x2  
  73  8:03  Marine x6  
  83  8:06  Refinery  
  83  8:13  SCV x2  
  83  8:19  Terran Infantry Weapons Level 1  
  85  8:20  Marine x8  
  93  8:32  Siege Tank  
  96  8:37  Starport Reactor  
  96  8:38  Marine x6  
  102  9:04  Siege Tank  
  105  9:10  Missile Turret  
  105  9:11  Missile Turret  
  105  9:14  Medivac x2  
  107  9:36  Siege Tank  
  109  9:44  Medivac x2  
  113  10:03  Missile Turret  
  113  10:08  Siege Tank  
  116  10:15  Supply Depot  
  116  10:18  Supply Depot  
  116  10:24  Missile Turret, Armory  
  116  10:35  Marine  
  116  10:36  Marine x7  
  116  10:41  Siege Tank  
  116  10:42  Medivac x2  
  131  10:53  Marine  
  131  10:54  Marine x7  
  135  11:11  Marine  
  135  11:12  Marine x7, Medivac x2  
Show
View Real Time Build Order
Export as new Build Order

ALEX Terran 

Build Orders:  

Get SALT Encoding   

  12  0:02  SCV  
  13  0:14  SCV  
  13  0:19  Supply Depot  
  14  0:26  SCV  
  15  0:34  Refinery  
  15  0:46  Barracks  
  15  0:47  SCV  
  16  1:01  Supply Depot  
  17  1:19  Barracks  
  15  1:34  Orbital Command  
  15  1:36  Marine  
  16  1:50  Barracks  
  16  2:01  Factory  
  16  2:03  SCV  
  17  2:12  Marine  
  18  2:18  SCV  
  18  2:19  Barracks Reactor  
  19  2:30  SCV  
  20  2:39  Refinery  
  20  2:42  Barracks Tech Lab  
  20  2:44  Barracks Reactor  
  20  2:50  SCV  
  21  2:55  Supply Depot  
  21  3:02  SCV, Factory Reactor  
  22  3:06  Marine x2  
  22  3:08  Marine  
  25  3:14  SCV  
  26  3:24  Marine x2  
  26  3:26  SCV, Marine  
  30  3:30  Starport  
  30  3:35  Marine x2  
  30  3:38  SCV  
  33  3:45  Combat Shield  
  33  3:50  SCV  
  33  3:51  Marine  
  33  3:54  Marine x2  
  39  4:07  Supply Depot  
  39  4:10  SCV  
  38  4:23  SCV  
  39  4:29  Marine, Command Center  
  39  4:30  Marine  
  41  4:32  Marine  
  41  4:35  Medivac  
  44  4:41  Medivac  
  46  4:46  Marine  
  47  4:54  Supply Depot  
  47  4:56  Factory Tech Lab  
  47  5:05  Supply Depot  
  47  5:15  Marine x3  
  47  5:16  SCV, Stimpack, Medivac  
  53  5:22  Marine  
  53  5:23  Marine  
  55  5:33  Marine  
  56  5:36  Medivac  
  58  5:43  Marine  
  58  5:44  Marine x3  
  62  5:51  Marine  
  63  6:09  Marine  
  64  6:18  Marine  
  64  6:19  Marine x2  
  64  6:21  Siege Tank  
  64  6:23  Orbital Command  
  70  6:34  SCV  
  71  6:46  SCV  
  72  6:58  SCV  
  68  7:11  SCV  
  53  7:23  SCV  
  53  7:28  Marine x4  
  53  7:29  Marine  
  59  7:31  Siege Tank  
  59  7:32  Medivac x2  
  66  7:37  SCV  
  67  7:49  SCV  
  68  7:51  Starport  
  68  7:55  Command Center  
  68  8:01  SCV  
  68  8:05  Factory  
  69  8:14  SCV  
  69  8:19  Marine  
  71  8:21  Medivac  
  71  8:22  Marine x2, Medivac  
  71  8:26  SCV  
  78  8:33  Starport Tech Lab  
  78  8:34  Command Center  
  78  8:45  Supply Depot  
  78  8:49  Supply Depot  
  78  8:50  Factory  
  78  8:52  Supply Depot  
  78  8:57  Engineering Bay  
  78  9:01  Engineering Bay  
  78  9:07  SCV x2  
  80  9:10  Supply Depot  
  80  9:18  Factory Tech Lab  
  80  9:19  SCV x2, Siege Tank  
  80  9:24  Marine  
  85  9:26  Marine x2  
  85  9:27  Marine  
  85  9:28  Marine  
  85  9:29  Terran Infantry Weapons Level 1  
  85  9:31  SCV x2  
  91  9:36  Terran Infantry Armor Level 1  
  82  9:42  Armory  
  82  9:43  SCV x2  
  84  9:54  Refinery, Command Center  
  84  9:55  SCV x2  
  84  9:58  Refinery  
  86  10:01  Orbital Command  
  86  10:12  Siege Tank  
  89  10:29  Orbital Command  
  89  10:36  Refinery  
  89  10:41  Marine  
  89  10:42  Marine x2  
  92  10:43  Marine  
  92  10:48  Barracks  
  93  10:54  Banshee  
  93  10:55  Medivac  
  93  10:56  Siege Tank, Medivac  
  103  10:57  Factory Tech Lab  
  103  11:00  Barracks  
  103  11:01  Supply Depot  
  99  11:05  Supply Depot  
Tags
 
Matchup
TvT
Race
Terran
Replay Pack
Dave SC2 II
Spawn Locations
Cross Positions
Add a new tag
Caveats
  • Supply blocks, unpowered buildings, or Contaminate may cause inaccurate times.
  • Supply counts are checked every 10 seconds.